AoeStats
← :)

Black Forest

507537655Analyzed
4v4 RM · 15d ago on Sep 18, 2026· 20m 45s· 8 players
Game mode
Random Map
Map size
Large (8 player)
Population
200
Speed
Normal
Resources
Standard
Victory
Conquest
Starting age
Dark Age
Ending age
Imperial Age
RankedLock teamsTeams togetherTeam positionsShared explorationLock speedFull tech treeHidden civsTurbo modeCheats
Victory
Defeat
🇪🇸 Hindustanis · Spain
1432
+13
🇪🇸 Bengalis · Spain
1412
+14
🇪🇸 Koreans · Spain
1406
+14
🇵🇹 Cumans · Portugal
1252
+46
🇫🇷 Georgians · France
1402
-17
🇧🇪 Bohemians · Belgium
1388
-17
🇦🇷 Mongols · Argentina
1359
-15
🇩🇪 Saracens · Germany
1320
-14
FxSquale
7:08 Loom
7:19 Loom
11:16 Feudal Age
15:22 Castle Age
13:27 Double-Bit Axe
14:08 Horse Collar
16:38 Bow Saw
nikias.marquardt
0:57 Loom
13:09 Feudal Age
13:33 Horse Collar
13:40 Double-Bit Axe
18:58 Castle Age
Zanderhino
10:29 Feudal Age
9:17 Loom
11:05 Feudal Age
14:56 Castle Age
12:49 Double-Bit Axe
12:59 Horse Collar
15:49 Bow Saw
19:20 Pikeman
:)
4:29 Loom
11:57 Feudal Age
13:51 Fletching
Salo III
6:40 Loom
10:43 Feudal Age
10:54 Feudal Age
15:15 Castle Age
14:43 Double-Bit Axe
14:52 Gold Mining
Taruska neras
0:59 Loom
10:54 Feudal Age
12:08 Double-Bit Axe
16:14 Horse Collar
18:54 Forging
20:00 Scale Barding Armor
DEFENSE
0:45 Loom
11:53 Feudal Age
11:55 Man-at-Arms
13:32 Arson
15:00 Double-Bit Axe
15:54 Horse Collar
17:48 Town Watch
Garabatov
2:48 Loom
7:09 Loom
10:28 Feudal Age
11:37 Double-Bit Axe
17:31 Horse Collar
20:45 Wheelbarrow
20:52 Fletching
Connection lost

Rejoining the realm…

Still unreachable

The connection could not be restored.

Session expired

The server has moved on; the page needs a fresh start.